Map: Acolyte LE

Players

Erdschleim

  • Race: Protoss Protoss
  • League: Diamond
  • Spawn Location: 1:00

blackxored - Winner!

  • Race: Zerg Zerg
  • League: Master
  • Spawn Location: 7:00

VOD

Have the link to the VOD?

Description

Time

  • Played on: Nov. 13, 2017, 7:32 p.m.
  • Length: 17:11
Show
View Real Time Build Order
Export as new Build Order

Erdschleim Protoss 

Build Orders: 1 Gate Expand 

Get SALT Encoding   

  1  0:00  Probe  
  13  0:10  Probe  
  14  0:18  Pylon  
  14  0:20  Probe  
  15  0:34  Probe  
  15  0:39  Gateway  
  16  0:45  Probe  
  16  0:48  Assimilator  
  17  0:55  Probe  
  18  1:06  Probe  
  19  1:27  Nexus  
  19  1:38  Probe, Cybernetics Core  
  20  1:47  Assimilator  
  20  1:53  Pylon  
  20  1:54  Probe  
  21  2:05  Probe  
  24  2:16  Warp Gate  
  24  2:17  Probe  
  24  2:21  Adept (Chrono Boost)  
  26  2:32  Mothership Core  
  26  2:34  Adept  
  27  2:44  Probe  
  29  2:53  Probe  
  29  2:54  Probe  
  29  2:57  Stargate  
  29  2:58  Adept  
  31  3:05  Probe x2  
  35  3:15  Probe  
  35  3:17  Probe  
  37  3:33  Probe (Chrono Boost)  
  39  3:38  Probe (Chrono Boost)  
  39  3:40  Probe x2 (Chrono Boost)  
  41  3:46  Void Ray (Chrono Boost)  
  41  3:47  Probe  
  45  3:50  Assimilator  
  46  4:02  Pylon  
  46  4:18  Probe  
  46  4:20  Probe  
  48  4:26  Gateway  
  48  4:28  Gateway  
  48  4:29  Probe  
  49  4:32  Probe  
  49  4:34  Assimilator  
  50  4:39  Probe  
  50  4:40  Stalker  
  50  4:44  Probe  
  54  4:47  Pylon  
  54  4:59  Void Ray  
  54  5:04  Probe  
  59  5:08  Probe  
  60  5:14  Probe  
  61  5:26  Nexus  
  61  5:28  Pylon  
  61  5:30  Pylon  
  61  5:31  Pylon  
  61  5:40  Void Ray  
  61  5:43  Stargate  
  61  5:45  Probe x2, Stargate  
  61  5:46  Pylon  
  61  5:48  Pylon  
  61  5:49  Pylon  
  67  5:55  Probe, Sentry x2  
  71  5:57  Probe  
  73  6:04  Twilight Council  
  73  6:08  Probe  
  73  6:10  Probe  
  75  6:19  Void Ray  
  75  6:22  Probe  
  80  6:30  Adept x3  
  86  6:33  Void Ray  
  86  6:35  Void Ray  
  86  6:38  Probe  
  86  6:39  Probe  
  96  6:40  Assimilator, Probe  
  96  6:44  Assimilator  
  97  6:49  Probe  
  97  6:51  Probe  
  97  6:52  Probe  
  100  6:59  Probe  
  100  7:01  Fleet Beacon, Probe  
  101  7:04  Probe  
  103  7:09  Adept x3  
  103  7:10  Probe  
  103  7:12  Probe  
  111  7:16  Probe  
  111  7:20  Probe  
  113  7:38  Probe x2  
  113  7:40  Probe  
  116  7:48  Adept x3  
  116  7:51  Resonating Glaives, Graviton Catapult  
  122  7:52  Probe  
  123  7:59  Forge  
  123  8:02  Pylon  
  123  8:03  Pylon x2  
  123  8:05  Pylon  
  123  8:17  Adept  
  123  8:19  Carrier (Chrono Boost)  
  125  8:20  Pylon  
  125  8:23  Pylon  
  125  8:25  Nexus  
  131  8:30  Adept x2  
  131  8:31  Carrier x2 (Chrono Boost)  
  147  8:40  Protoss Air Weapons Level 1  
  147  8:43  Cybernetics Core  
  147  9:09  Robotics Facility  
  147  9:11  Adept x3  
  147  9:14  Protoss Ground Weapons Level 1  
  147  9:15  Photon Cannon  
  153  9:17  Photon Cannon  
  153  9:19  Protoss Air Armor Level 1  
  153  9:25  Stargate  
  153  9:26  Stargate  
  146  9:39  Adept x3  
  146  9:40  Carrier  
  146  9:45  Charge  
  156  9:57  Gateway, Observer  
  156  9:59  Gateway x3  
  157  10:02  Gateway  
  137  10:08  Carrier  
  115  10:17  Adept x3  
  127  10:29  Carrier  
  126  10:37  Adept  
  126  10:38  Adept x2  
  107  11:08  Nexus, Pylon  
  107  11:11  Carrier  
  107  11:15  Adept x4  
  107  11:16  Adept x2  
  125  11:22  Probe  
  126  11:26  Probe  
  125  11:34  Probe  
  125  11:35  Adept x4  
  134  11:57  Pylon  
  134  11:58  Pylon  
  134  12:14  Carrier  
  141  12:20  Adept x3  
  141  12:21  Adept x3  
  153  12:23  Observer (Chrono Boost)  
  140  12:37  Probe  
  140  12:38  Probe  
  140  12:39  Probe  
  137  12:48  Probe  
  137  12:51  Probe x2  
  140  12:58  Probe  
  140  12:59  Photon Cannon  
  140  13:02  Photon Cannon, Sentry x2  
  140  13:03  Probe  
  146  13:24  Adept x2  
  146  13:25  Adept x4  
  138  13:51  Stalker x4  
  140  14:05  Void Ray  
  144  14:18  Void Ray  
  148  14:27  Void Ray  
  106  14:58  Void Ray x2  
  112  15:26  Void Ray (Chrono Boost)  
  116  15:52  Void Ray x2 (Chrono Boost)  
  120  15:58  Void Ray (Chrono Boost)  
  120  16:15  Nexus  
  114  16:46  Adept x4  
Show
View Real Time Build Order
Export as new Build Order

blackxored Zerg - Winner!

Build Orders: Hatch First 

Get SALT Encoding   

  12  0:01  Drone  
  13  0:12  Overlord  
  13  0:17  Drone  
  14  0:30  Drone  
  14  0:31  Drone  
  14  0:34  Drone  
  17  0:52  Hatchery  
  17  0:55  Drone  
  17  0:57  Drone  
  18  1:09  Extractor  
  17  1:12  Spawning Pool  
  17  1:16  Drone  
  17  1:18  Drone  
  18  1:28  Drone  
  19  1:40  Overlord  
  19  1:49  Drone  
  20  1:59  Queen  
  20  2:00  Zergling x2  
  23  2:04  Queen  
  23  2:05  Zergling x2  
  26  2:10  Drone  
  26  2:11  Metabolic Boost  
  26  2:15  Drone  
  28  2:21  Drone  
  29  2:28  Drone  
  30  2:32  Drone  
  31  2:44  Hatchery  
  30  2:45  Overlord  
  30  2:50  Pneumatized Carapace  
  30  2:52  Drone  
  30  2:57  Drone  
  32  3:05  Overlord  
  31  3:10  Zergling x2  
  31  3:11  Zergling x6  
  35  3:16  Overlord  
  35  3:21  Queen  
  37  3:35  Drone x6  
  43  3:46  Drone x5  
  48  3:53  Zergling x6  
  51  3:58  Evolution Chamber  
  51  4:02  Queen  
  52  4:12  Spore Crawler  
  52  4:15  Spore Crawler  
  50  4:20  Drone x7  
  57  4:25  Zerg Melee Weapons Level 1  
  57  4:30  Baneling Nest  
  56  4:37  Spore Crawler, Overlord x2  
  55  4:40  Drone  
  55  4:42  Drone x2  
  58  4:51  Overlord x2  
  58  4:53  Overlord x2  
  58  5:00  Overlord x2  
  58  5:05  Extractor, Drone x3  
  58  5:06  Drone  
  61  5:11  Drone  
  62  5:20  Lair  
  62  5:21  Drone x7  
  69  5:36  Extractor, Drone  
  69  5:37  Drone x3  
  71  5:44  Drone x2  
  73  5:52  Extractor, Drone x2  
  73  5:53  Drone  
  73  5:54  Drone  
  76  5:59  Drone x3  
  76  6:00  Extractor  
  76  6:01  Drone  
  76  6:02  Zergling x14  
  86  6:09  Hatchery  
  85  6:13  Queen  
  87  6:28  Overlord x3  
  87  6:29  Zerg Melee Weapons Level 2  
  87  6:31  Centrifical Hooks, Overseer  
  87  6:46  Hydralisk Den  
  85  6:48  Drone x2  
  85  6:49  Extractor, Drone  
  85  6:50  Drone  
  85  6:51  Overlord x3  
  88  7:12  Drone x3  
  88  7:13  Drone x6  
  97  7:16  Muscular Augments  
  97  7:17  Hydralisk x3  
  97  7:21  Drone  
  97  7:22  Hydralisk x3  
  109  7:34  Drone x8  
  117  7:41  Overlord  
  117  7:42  Overlord  
  117  7:45  Hatchery  
  117  7:50  Hydralisk x4  
  117  7:51  Extractor, Hydralisk x3  
  123  7:52  Extractor  
  123  7:56  Hydralisk x2  
  132  8:06  Hydralisk x5  
  132  8:07  Hydralisk x4  
  132  8:12  Drone  
  151  8:15  Overlord  
  151  8:16  Overseer  
  151  8:18  Hydralisk  
  151  8:19  Hydralisk x5  
  162  8:36  Infestation Pit  
  162  8:39  Hydralisk x6  
  162  8:40  Zergling x2  
  162  8:41  Overlord, Zergling x2  
  175  8:42  Overlord x2  
  175  8:43  Overseer  
  175  8:58  Overlord x3  
  175  9:05  Baneling x11  
  175  9:06  Baneling x9  
  175  9:22  Hive, Spire  
  174  9:25  Drone x7  
  174  9:26  Drone x4  
  174  9:31  Zergling x26  
  197  9:47  Overseer  
  197  9:56  Zergling x4  
  197  9:57  Overlord  
  197  9:58  Overlord x3  
  198  10:05  Zergling x10  
  198  10:06  Zergling x20  
  190  10:11  Hydralisk  
  190  10:13  Hydralisk  
  179  10:17  Overseer  
  177  10:24  Infestor x6  
  189  10:29  Burrow  
  189  10:36  Baneling x2  
  189  10:37  Baneling x24  
  189  10:39  Overlord x3  
  189  10:42  Extractor, Drone x3  
  191  10:43  Extractor, Drone x3  
  178  11:08  Hatchery  
  178  11:09  Corruptor  
  178  11:10  Corruptor x6  
  191  11:16  Zerg Flyer Armor Level 1  
  167  11:38  Neural Parasite  
  167  11:45  Zergling x26  
  167  11:46  Zergling x14  
  187  11:53  Spore Crawler  
  186  11:55  Spore Crawler  
  186  11:56  Spore Crawler x2  
  186  11:57  Spore Crawler x2, Drone x12  
  186  11:58  Spore Crawler x3, Drone  
  186  12:00  Spore Crawler  
  190  12:15  Infestor  
  190  12:16  Infestor x3  
  190  12:20  Extractor  
  190  12:21  Extractor  
  180  12:45  Corruptor x9  
  198  12:57  Pathogen Glands  
  198  13:12  Overlord  
  198  13:13  Overlord x2  
  185  13:45  Hydralisk  
  185  13:46  Hydralisk x14  
  169  13:56  Hydralisk  
  169  13:57  Hydralisk x14  
  169  14:02  Spine Crawler x2  
  193  14:08  Hydralisk  
  193  14:09  Hydralisk x2  
  199  14:18  Overseer  
  185  14:45  Corruptor x15  
  195  14:58  Infestor x2  
  199  15:13  Spore Crawler  
  198  15:14  Drone  
  198  15:15  Spore Crawler x4, Drone x3  
  198  15:16  Drone  
  198  15:17  Spore Crawler x3, Drone x4  
  198  15:18  Spore Crawler x2, Drone x2  
  198  15:27  Overseer x2  
  198  15:54  Ultralisk Cavern  
  197  16:08  Overseer x2  
  197  16:15  Extractor, Hatchery  
  197  16:17  Baneling x5  
  197  16:18  Extractor, Baneling x2  
  182  16:38  Hydralisk  
  182  16:39  Hydralisk x20  
Tags
 
Add a new tag
Caveats
  • Supply blocks, unpowered buildings, or Contaminate may cause inaccurate times.
  • Supply counts are checked every 10 seconds.